 Dungeon Crawl Stone Soup version 0.17-a0-1970-g7a13dd1 (webtiles) character file.

290 SlimeFever the Insei (level 6, -1/48 HPs)
             Began as a Demonspawn Monk on Oct 4, 2015.
             Was a Priest of Cheibriados.
             Slain by Protee's ghost (2 damage)
             ... on level 4 of the Dungeon.
             The game lasted 00:17:47 (2391 turns).

SlimeFever the Insei (Demonspawn Monk)              Turns: 2391, Time: 00:17:48

Health: -1/48      AC:  5    Str: 19    XL:     6   Next: 9%
Magic:  6/6        EV: 16    Int: 18    God:    Cheibriados [***...]
Gold:   176        SH:  0    Dex: 21    Spells: 0 memorised, 5 levels left

rFire  . . .     SeeInvis .       - Unarmed
rCold  + . .     Clarity  .     a - +0 robe
rNeg   . . .     SustAt   .     (no shield)
rPois  .         Gourm    .     o - +0 helmet
rElec  .         Spirit   .     (no cloak)
rCorr  .         Warding  .     c - +0 pair of gloves
rMut   .         Stasis   .     (no boots)
MR     .....                    (no amulet)
Stlth  +.........               (no ring)
                                p - ring of loudness (curse)

@: about to teleport, very slow, not resistant to hostile enchantments, very
unstealthy
A: talons 1, icy blue scales 1, cold resistance 1
a: Bend Time, Temporal Distortion, Renounce Religion


You were on level 4 of the Dungeon.
You worshipped Cheibriados.
Cheibriados was most pleased with you.
You were hungry.

You visited 1 branch of the dungeon, and saw 4 of its levels.

You collected 176 gold pieces.

Inventory:

Missiles
 j - 42 arrows
 m - 13 poisoned needles
 n - 4 tomahawks (quivered)
Armour
 a - a +0 robe (worn)
 c - a +0 pair of gloves (worn)
 o - a +0 helmet (worn)
Jewellery
 p - a cursed ring of loudness (left hand)
Magical devices
 q - a wand of slowing (36)
Scrolls
 d - a scroll of immolation
Potions
 f - a potion of cure mutation
 g - a potion of heal wounds {unknown}
 h - 3 potions of agility
 i - a potion of brilliance
 k - a potion of resistance {unknown}
 l - a potion of haste
Comestibles
 b - 5 bread rations


   Skills:
 + Level 3.9 Fighting
 * Level 4.5 Dodging
 + Level 2.1 Stealth
 * Level 5.0 Unarmed Combat


You had 5 spell levels left.
You didn't know any spells.

Dungeon Overview and Level Annotations

Branches:
Dungeon (4/15)
 Temple: D:4-7

Altars:
Ashenzari
Cheibriados
Okawaru
Sif Muna
Yredelemnul

Annotations:
D:4 Protee's ghost, novice DsTm


Innate Abilities, Weirdness & Mutations

You have sharp toenails.
You are partially covered in icy blue scales (AC +1).
Your flesh is cold resistant.


Message History

You see here an adder corpse.
Things that are here:
a dagger; a robe; an orc corpse Protee's ghost hits you.
* * * LOW HITPOINT WARNING * * *
Found a stone staircase leading up.
You hit Protee's ghost but do no damage.
Your kick misses Protee's ghost.
Protee's ghost hits you but does no damage.
You miss Protee's ghost.
You claw Protee's ghost, but do no damage.
Protee's ghost hits you.
* * * LOW HITPOINT WARNING * * *
You closely miss Protee's ghost. Your kick misses Protee's ghost.
Protee's ghost closely misses you.
You barely miss Protee's ghost. Protee's ghost hits you.
* * * LOW HITPOINT WARNING * * *
As you read the scroll of teleportation, it crumbles to dust.
You feel strangely unstable. Protee's ghost hits you.
You die...

#....? #.#.###
#.....# #.#.###
#.#...# #...... #..#
#.# ###.### #..#
#.#### #.#
##..###.)..## #.#
......#....###.#
#<#####.#.#...#<....#
#.....@....#....#####
#######W##.#.####
#.##)#.# #..).).#
####†### #...# #...#
#...# #...#


You could see Protee's ghost.

Vanquished Creatures
  An orc priest (D:4)
  A hound (D:3)
  Ijyb (D:2)
  An orc wizard (D:4)
  6 adders
  2 gnolls (D:2)
  2 oozes
  4 worms
  A giant gecko (D:3)
  14 orcs
  A ball python (D:1)
  5 giant cockroaches
  5 hobgoblins
  7 jackals
  5 kobolds
  6 bats
  6 goblins
  7 rats
75 creatures vanquished.

Notes
Turn   | Place    | Note
--------------------------------------------------------------
     0 | D:1      | SlimeFever the Demonspawn Monk began the quest for the Orb.
     0 | D:1      | Reached XP level 1. HP: 18/18 MP: 1/1
   326 | D:1      | Gained mutation: You are partially covered in icy blue scales (AC +1). [demonic ancestry]
   326 | D:1      | Reached XP level 2. HP: 24/24 MP: 2/2
   443 | D:2      | Found an iron altar of Okawaru.
   446 | D:2      | Reached skill level 4 in Unarmed Combat
   753 | D:2      | Reached XP level 3. HP: 19/29 MP: 3/3
  1090 | D:2      | Noticed Ijyb
  1236 | D:2      | Killed Ijyb
  1236 | D:2      | Reached XP level 4. HP: 26/35 MP: 4/4
  1250 | D:2      | Found a deep blue altar of Sif Muna.
  1268 | D:2      | Found a snail-covered altar of Cheibriados.
  1307 | D:2      | Became a worshipper of Cheibriados the Contemplative
  1307 | D:2      | Acquired Cheibriados's first power
  1472 | D:3      | Gained mutation: Your flesh is cold resistant. [demonic ancestry]
  1472 | D:3      | Reached XP level 5. HP: 11/41 MP: 1/5
  1799 | D:3      | Found a shattered altar of Ashenzari.
  1831 | D:3      | Found a basalt altar of Yredelemnul.
  2287 | D:4      | Gained mutation: You have sharp toenails. [demonic ancestry]
  2287 | D:4      | Reached XP level 6. HP: 6/48 MP: 4/6
  2304 | D:4      | Reached skill level 5 in Unarmed Combat
  2313 | D:4      | Acquired Cheibriados's second power
  2314 | D:4      | HP: 2/48 [orc/short sword (3)]
  2380 | D:4      | Noticed Protee's ghost (novice DsTm)
  2390 | D:4      | HP: 1/48 [Protee's ghost (4)]
  2391 | D:4      | Slain by Protee's ghost

Vault maps used:
D:1:      dpeg_arrival_orchard
D:2:      cheibriados_altar_wand_db, okawaru_gym_becter,
          overflow_temple_1_default, uniq_iyjb
D:3:      ashenzari_altar_1, lemuel_round_altar, first_bread, minivault_14
D:4:      minmay_misc_feat_encased, uniq_crazy_yiuf_cottage

Action                   |  1- 3 |  4- 6 || total
-------------------------+-------+-------++-------
Melee: Unarmed           |   158 |   218 ||   376
Invok: Bend Time         |       |     2 ||     2
  Use: Scroll            |     5 |     5 ||    10
       Potion            |       |     4 ||     4
 Stab: Distracted        |     1 |       ||     1
       Sleeping          |     1 |     3 ||     4
  Eat: Fruit             |     2 |       ||     2
       Beef jerky        |       |     1 ||     1
